 Dungeon Crawl Stone Soup version 0.23.1-37-gaa34b87 (webtiles) character file.

Game seed: 13234176222741333247

49 doot the Magician (level 3, -2/19 HPs)
             Began as a Deep Elf Wizard on Mar 27, 2019.
             Slain by a phantom (5 damage)
             ... on level 3 of the Dungeon.
             The game lasted 00:06:03 (1452 turns).

doot the Magician (Deep Elf Wizard)                 Turns: 1452, Time: 00:06:04

Health: -2/19      AC:  5    Str:  4    XL:     3   Next: 53%
Magic:  4/12       EV: 13    Int: 23    God:
Gold:   70         SH:  0    Dex: 13    Spells: 0/13 levels left

rFire    . . .     SeeInvis .   l - +2 falchion (elec)
rCold    . . .     Gourm    .   (no shield)
rNeg     . . .     Faith    .   a - +0 robe
rPois    .         Spirit   .   b - +0 hat
rElec    .         Reflect  .   (no cloak)
rCorr    .         Harm     .   (no gloves)
MR       .....                  k - +2 pair of boots
Stlth    ++........             (no amulet)
HPRegen  0.06/turn              (no ring)
MPRegen  0.13/turn              (no ring)

@: no status effects
A: no striking features
a: no special abilities


You were on level 3 of the Dungeon.
You were hungry.

You visited 1 branch of the dungeon, and saw 3 of its levels.

You collected 70 gold pieces.

Inventory:

Hand Weapons
 i - a +0 dagger
 l - a +2 falchion of electrocution (weapon)
Armour
 a - a +0 robe (worn)
 b - a +0 hat (worn)
 k - a +2 pair of boots (worn)
Scrolls
 c - 2 scrolls of random uselessness {unknown}
 e - 2 scrolls of enchant armour {unknown}
 h - a scroll of identify {unknown}
Potions
 f - a potion of might {unknown}
 g - a potion of flight {unknown}
 j - a potion of lignification {unknown}
Comestibles
 d - 3 rations


   Skills:
 + Level 2.5 Dodging
 + Level 2.4 Stealth
 + Level 5.9 Spellcasting
 + Level 1.5 Conjurations
 + Level 1.5 Summonings
 + Level 1.2 Translocations


You couldn't memorise any spells.
You knew the following spells:

 Your Spells              Type           Power        Failure   Level  Hunger
a - Magic Dart            Conj           ##..         4%          1    None
b - Blink                 Tloc           N/A          8%          2    None
c - Call Imp              Summ           ##......     7%          2    None
d - Slow                  Hex            #.......     13%         2    None
e - Conjure Flame         Conj/Fire      ##......     19%         3    #......
f - Mephitic Cloud        Conj/Pois/Air  #.......     22%         3    #......

Your spell library contained the following spells:

 Spells                   Type           Power        Failure   Level  Hunger


Dungeon Overview and Level Annotations

Branches:
Dungeon (3/15)

Altars:
Nemelex Xobeh
Uskayaw


Message History

The phantom hits your white imp.
Your white imp barely misses the phantom.
The orc barely misses you. The phantom hits your white imp!
Your white imp dies!
You closely miss the orc. The orc hits you with a +0 club.
You hit the orc.
The orc is moderately wounded.
Your crimson imp barely misses the phantom.
Your crimson imp misses the phantom.
The phantom blinks!
The orc misses you.
You hit the orc but do no damage.
The orc is moderately wounded.
The orc hits you with a +0 club.
* * * LOW HITPOINT WARNING * * *
Unknown command.
You hear the slow rusting of a drain nearby.
Your crimson imp barely misses the orc.
You are feeling hungry.
Your crimson imp blinks!
The phantom hits you.
You die...

#..........#..######.#####
#..........#...#####.#
#####.##...............#
#.........####...#######
#.#######.# ##.## #.# #.#
#.# #.# #.# #.# #.# #.#
##'## #.# #.# ##..@## #.#
#.###..W..##
#.#######.##...5.o.## #
#.........#.........###....
......<...+......ยง..'......
##.#.....##....)....###....
#.##.##.###.....5.## .#
#.##.##.# ##.....##
#.##.##.# ##...##


You could see a phantom, an orc and 2 friendly crimson imps.

Vanquished Creatures
  2 worms (D:2)
  An orc (D:3)
  5 bats
  2 giant cockroaches
  3 goblins (D:2)
  3 hobgoblins
  2 jackals (D:1)
  A kobold (D:2)
  3 rats
22 creatures vanquished.

Vanquished Creatures (collateral kills)
  3 gnolls (D:2)
  A worm (D:2)
  An orc (D:3)
  A giant cockroach (D:2)
  A bat (D:2)
  3 kobolds (D:2)
  A rat (D:2)
11 creatures vanquished.

Grand Total: 33 creatures vanquished

Notes
Turn   | Place    | Note
-------+----------+-------------------------------------------
     0 | D:1      | doot the Deep Elf Wizard began the quest for the Orb.
     0 | D:1      | Reached XP level 1. HP: 10/10 MP: 7/7
   203 | D:2      | Reached skill level 5 in Spellcasting
   207 | D:2      | Reached XP level 2. HP: 15/15 MP: 3/10
   248 | D:2      | Learned a level 2 spell: Blink
   251 | D:2      | Learned a level 2 spell: Call Imp
   254 | D:2      | Learned a level 2 spell: Slow
   847 | D:2      | Reached XP level 3. HP: 19/19 MP: 3/12
   870 | D:2      | Learned a level 3 spell: Conjure Flame
   874 | D:2      | Learned a level 3 spell: Mephitic Cloud
   942 | D:2      | Found a hide-covered altar of Uskayaw.
  1241 | D:2      | Found a sparkling altar of Nemelex Xobeh.
  1431 | D:3      | Noticed a phantom
  1452 | D:3      | Slain by a phantom

Skill      XL: |  1 |
---------------+----+-----
Spellcasting   | 5 |  5.9
Dodging        | |  2.5
Stealth        | |  2.4
Conjurations   | |  1.5
Summonings     | |  1.5
Translocations | |  1.2

Action                   || total
-------------------------++-------
Melee: Dagger            ||     2
       Falchion          ||     8
 Cast: Magic Dart        ||    58
       Call Imp          ||    26
       Slow              ||     2
       Blink             ||     1
  Eat: Chunk             ||     1
Armor: Robe              ||     4
Dodge: Dodged            ||    19
       Rpst.: Falchion   ||     1
